 Seeded DCSS version 0.31-a0-210-gccc998df9b (webtiles) character file.

Game seed: 8113056780134302019 (custom seed)

42 innerfire43 the Trooper (level 3, -1/29 HPs)
             Began as a Demonspawn Monk on June 29, 2023.
             Succumbed to an adder's poison
             ... on level 2 of the Dungeon.
             The game lasted 00:00:40 (393 turns).

innerfire43 the Trooper (Demonspawn Monk)            Turns: 393, Time: 00:00:41

Health: -1/29      AC:  2    Str: 13    XL:     3   Next: 35%
Magic:  3/3        EV: 13    Int: 11    God:
Gold:   36         SH:  0    Dex: 15    Spells: 2/2 levels left

rFire   . . .        a - +0 spear
rCold   . . .        d - orb {light}
rNeg    . . .        b - +0 robe
rPois   .            (no helmet)
rElec   .            (no cloak)
rCorr   .            (no gloves)
SInv    .            (no boots)
Will    .....        (no amulet)
Stlth   +            (no ring)
HPRegen 0.24/turn    (no ring)
MPRegen 0.08/turn

%: no passive effects
@: lethally poisoned (-1 -> -7), glowing
A: demonic touch 1
a: no special abilities


You were on level 2 of the Dungeon.
You visited 1 branch of the dungeon, and saw 2 of its levels.

You collected 36 gold pieces.

Inventory:

Hand Weapons
 a - a +0 spear (weapon)
Armour
 b - a +0 robe (worn)
 d - an orb of light (worn)
 g - a +0 helmet
Scrolls
 e - a scroll of acquirement {unknown}
 f - 2 scrolls of vulnerability {unknown}
 h - a scroll of fog {unknown}
 i - a scroll of blinking {unknown}
Potions
 c - a potion of ambrosia


   Skills:
 + Level 3.5 Fighting
 + Level 3.2 Polearms
 + Level 3.2 Dodging


You had 2 spell levels left.
You didn't know any spells.
Your spell library was empty.

Dungeon Overview and Level Annotations

Branches:
Dungeon (2/15)

Altars:


Innate Abilities, Weirdness & Mutations

Your touch may inflict minor irresistible damage on your foes.


Message History

You hit the adder.
You kill the adder!
You feel sick. The adder barely misses you.
You closely miss the adder.
You feel sick. The adder closely misses you.
You hit the adder.
The adder is heavily wounded.
You feel sick. The adder barely misses you.
You closely miss the adder.
The adder is heavily wounded.
You feel sick. The adder barely misses you. The adder closely misses you.
You hit the adder.
The adder is severely wounded.
You feel sick. The adder bites you.
You are more poisoned.
The adder poisons you!
You are too injured to fight recklessly!
You are too injured to fight recklessly!
You feel sick. The adder closely misses you.
You see here an adder corpse.
You closely miss the adder.
The adder is severely wounded.
You feel sick. The adder barely misses you.
You hit the adder but do no damage.
The adder is severely wounded.
You feel sick. The adder closely misses you. The adder bites you.
* * * LOW HITPOINT WARNING * * *
You are lethally poisoned!
The adder poisons you!
You closely miss the adder.
The adder is severely wounded.
* * * LOW HITPOINT WARNING * * *
You feel sick. The adder bites you.
* * * LOW HITPOINT WARNING * * *
You hit the adder.
The adder is almost dead.
* * * LOW HITPOINT WARNING * * *
You feel sick. The adder barely misses you.
You closely miss the adder.
The adder is almost dead.
You die...

.## ........ .#...
.......# ..... .#..##.#
#..[# ....##.# #...#
######. .#..##.#
#...##.......
.......#####.....>...#.#
##..#...................
#........)......@.......
................S.......
.....#######..$..<......
.....# #...##.....=.
#...## #...# #####..
###.# #...# . #.# #...#
#.# #...# ....# ....#


You could see an adder.

Vanquished Creatures
  A gnoll (D:1)
  An adder (D:2)
  2 dart slugs (D:1)
  3 bats (D:1)
  An endoplasm (D:1)
  3 giant cockroaches (D:1)
  3 goblins
  2 kobolds (D:1)
  2 ball pythons (D:1)
18 creatures vanquished.

Notes
Turn   | Place    | Note
-------+----------+-------------------------------------------
     0 | D:1      | innerfire43 the Demonspawn Monk began the quest for the
                  | Orb.
     0 | D:1      | Reached XP level 1. HP: 18/18 MP: 1/1
    58 | D:1      | Gained mutation: Your touch may inflict minor irresistible
                  | damage on your foes. [demonic ancestry]
    58 | D:1      | Reached XP level 2. HP: 21/24 MP: 2/2
   305 | D:1      | Reached XP level 3. HP: 22/29 MP: 3/3
   354 | D:1      | You fall into a shaft and drop 1 floor!
   391 | D:2      | HP: 1/29 [adder (2)]
   393 | D:2      | Succumbed to an adder's poison

Illustrated notes

Levels and vault maps discovered:
D:1:      roderic_crossed_star, layout_rooms, serial_shops, nicolae_diamond_shop
D:2:      layout_loops_cross

Skill      XL: |  1  2 |
---------------+-------+-----
Dodging        | 3 |  3.2
Polearms       | 3 |  3.2
Fighting       | |  3.5

Action                     || total
---------------------------++-------
  Melee: Spear             ||    84
 Armour: Robe              ||    19
  Dodge: Dodged            ||    46

Table legend: (Time is in decaauts)
 A = Elapsed time spent in this place.
 B = Non-inter-level travel time spent in this place.
 C = Inter-level travel time spent in this place.
 D = Time resting spent in this place.
 E = Time spent auto-exploring this place.
 F = Levels seen in this place.
 G = Mean time per level.
                   A        B        C        D        E       F      G
               +--------+--------+--------+--------+--------+-----+--------+
         Total |    389 |    381 |      8 |      0 |    243 |   2 |  194.5 |
       Dungeon |    389 |    381 |      8 |      0 |    243 |   2 |  194.5 |
               +--------+--------+--------+--------+--------+-----+--------+

Top non-repeatable levels by time:
     D:1: 351 daAuts
     D:2: 38 daAuts
